 Dungeon Crawl Stone Soup version 0.18-a0-1745-gffa9a88 (webtiles) character file.

5103 dobroeutro the Blocker (level 10, -2/64 HPs)
             Began as a Gargoyle Fighter on Apr 11, 2016.
             Was a Priest of Makhleb.
             Slain by a killer bee (6 damage)
             ... on level 7 of the Dungeon.
             The game lasted 00:21:20 (7256 turns).

dobroeutro the Blocker (Gargoyle Fighter)           Turns: 7256, Time: 00:21:23

Health: -2/64      AC: 16    Str: 22    XL:     10   Next: 57%
Magic:  10/10      EV:  9    Int:  9    God:    Makhleb [***...]
Gold:   465        SH: 12    Dex: 10    Spells: 0 memorised, 9 levels left

rFire  . . .     SeeInvis .     N - +2 morningstar
rCold  . . .     Gourm    .     D - +0 ring mail
rNeg   + . .     Faith    .     c - +0 shield
rPois  ∞         Spirit   .     (no helmet)
rElec  +         Dismiss  .     I - +0 cloak
rCorr  .         Reflect  .     (no gloves)
SustAt .         Harm     .     o - +0 pair of boots
MR     .....                    (no amulet)
Stlth  ..........               (no ring)
                                (no ring)

@: hasted, very quick, not resistant to hostile enchantments, extremely
unstealthy
A: mutation resistance 1, negative energy resistance 1, sense surroundings 1,
electricity resistance, unbreathing, petrification resistance, rot immunity, AC
+7
a: Minor Destruction, Lesser Servant of Makhleb, Renounce Religion


You were on level 7 of the Dungeon.
You worshipped Makhleb.
Makhleb was most pleased with you.
You were very hungry.

You visited 1 branch of the dungeon, and saw 8 of its levels.

You collected 465 gold pieces.

Inventory:

Hand Weapons
 N - a +2 morningstar (weapon)
 O - a +0 mace of venom
Missiles
 k - 183 stones (quivered)
Armour
 b - a +0 scale mail
 c - a +0 shield (worn)
 o - a +0 pair of boots (worn)
 D - a +0 ring mail (worn)
 I - a +0 cloak (worn)
Wands
 A - a wand of polymorph (15/24)
 C - a wand of acid (7/15)
Scrolls
 j - 12 scrolls of teleportation
 r - 3 scrolls of identify
 v - 2 scrolls of fog
 x - a scroll of magic mapping
 E - a scroll of amnesia {unknown}
 H - a scroll of recharging {unknown}
Potions
 d - a potion of might
 g - 2 potions of mutation {unknown}
 p - a potion of cure mutation {unknown}
 q - a potion of agility {unknown}
 s - a potion of berserk rage {unknown}
 u - 2 potions of degeneration {unknown}
 w - a potion of haste
 B - a potion of brilliance {unknown}
 J - a potion of flight {unknown}
 M - a potion of ambrosia {unknown}
Comestibles
 f - 7 bread rations
 n - 5 meat rations
 t - 3 slices of pizza
 z - 2 royal jellies
 G - 3 fruits
 L - a beef jerky


   Skills:
 + Level 7.9 Fighting
 + Level 8.3 Maces & Flails
 + Level 7.8 Armour
 + Level 10.7 Shields


You had 9 spell levels left.
You didn't know any spells.

Dungeon Overview and Level Annotations

Branches:
Dungeon (8/15)               Lair (0/8) D:8
 Temple: D:4-7

Altars:
Cheibriados
Dithmenos
Elyvilon
Makhleb
Okawaru
Ru
Sif Muna
Yredelemnul


Innate Abilities, Weirdness & Mutations

You are resistant to torment.
Your stone body is resilient (AC +7).
You are immune to poison.
You resist negative energy.
You are resistant to electric shocks.
You can survive without breathing.
You are immune to petrification.
You are immune to rotting.
You are somewhat resistant to further mutation.
You passively map a small area around you.


Message History

The killer bee stings you!
* * * LOW HITPOINT WARNING * * *
The killer bee stings you but does no damage.
You block the killer bee's attack. x2
Drink which item? (? for menu, Esc to quit)
You feel better. The killer bee barely misses you.
You block the killer bee's attack.
The killer bee stings you but does no damage.
The killer bee barely misses you. You block the killer bee's attack.
The killer bee stings you.
* * * LOW HITPOINT WARNING * * *
You block the killer bee's attack. The killer bee closely misses you.
Drink which item? (? for menu, Esc to quit)
It was a potion of haste.
You feel yourself speed up. The killer bee stings you.
* * * LOW HITPOINT WARNING * * *
You block the killer bee's attack. x2
The killer bee stings you but does no damage. x2
The killer bee stings you.
You die...

#.......# #####...###.##.#.# #.
# #####.### #.#.....##.#.# #. #
#.# #.########.#.###. # #.#
##'## #....... # #.# ##...##
###.#### # #.### ##.....## #..#
# ##...# ##......†## ##.##
######....###....y..>.####...##
.....<......†...@y..†.+.......#
######....###....y....####...##
# ##.#.#.# ##.......## ##.## #
#......# ##.....## #..# #
##.##### ##...## ##.# # #.#
##+## #.# # #.# #.# #.# #
#.######### #.##########.# #
#.#.......###.....>...##.#


You could see 3 killer bees.

Vanquished Creatures
  Pikel (D:7)
  A two-headed ogre (D:7)
  Sigmund (D:4)
  A water moccasin (D:5)
  A phantom (D:5)
  A black bear (D:4)
  An orc warrior (D:7)
  5 sky beasts
  8 ogres
  5 centaurs
  3 giant frogs
  A scorpion (D:3)
  11 killer bees
  5 wights (D:8)
  4 howler monkeys
  3 crimson imps (D:7)
  A centaur zombie (D:8)
  A giant frog zombie (D:7)
  7 orc priests
  5 hounds
  9 orc wizards
  2 giant frog skeletons
  3 iguanas
  Natasha (thrice) (D:2)
  5 worker ants
  A hound skeleton (D:4)
  9 adders
  An ooze (D:4)
  4 adder skeletons
  5 dart slugs
  A giant gecko (D:5)
  24 orcs
  4 bats
  2 giant cockroaches
  5 goblins
  10 hobgoblins
  3 jackals (D:3)
  4 kobolds
  A quokka (D:2)
  A ball python (D:4)
  A giant gecko zombie (D:6)
  5 giant newts
  8 rats
177 creatures vanquished.

Vanquished Creatures (others)
  A giant frog (D:7)
  An orc priest (D:7)
  An orc wizard (D:5)
  3 orcs (D:7)
  A giant cockroach (D:7)
7 creatures vanquished.

Grand Total: 184 creatures vanquished

Notes
Turn   | Place    | Note
--------------------------------------------------------------
     0 | D:1      | dobroeutro the Gargoyle Fighter began the quest for the Orb.
     0 | D:1      | Reached XP level 1. HP: 14/14 MP: 1/1
   131 | D:1      | Reached XP level 2. HP: 19/19 MP: 2/2
   355 | D:1      | Reached skill level 4 in Shields
   355 | D:1      | Reached XP level 3. HP: 23/23 MP: 3/3
   817 | D:2      | Noticed Natasha
   831 | D:2      | Killed Natasha
   890 | D:2      | Found a basalt altar of Yredelemnul.
   928 | D:2      | Reached XP level 4. HP: 23/29 MP: 4/4
  1238 | D:2      | Noticed Natasha
  1245 | D:2      | Killed Natasha
  1447 | D:2      | Found a white marble altar of Elyvilon.
  1516 | D:2      | Noticed Natasha
  1534 | D:2      | Killed Natasha
  1534 | D:2      | Reached XP level 5. HP: 20/33 MP: 5/5
  2231 | D:3      | Reached skill level 5 in Shields
  2231 | D:3      | Reached XP level 6. HP: 30/38 MP: 6/6
  2434 | D:4      | Noticed Sigmund
  2436 | D:4      | Reached skill level 5 in Armour
  2710 | D:3      | Reached XP level 7. HP: 27/44 MP: 7/7
  2838 | D:4      | Killed Sigmund
  2838 | D:4      | Reached skill level 6 in Shields
  2907 | D:4      | Reached skill level 5 in Fighting
  2907 | D:4      | Reached skill level 7 in Shields
  2913 | D:4      | Found a shadowy altar of Dithmenos.
  3235 | D:4      | Reached XP level 8. HP: 47/49 MP: 8/8
  3507 | D:4      | Found a burning altar of Makhleb.
  3509 | D:4      | Noticed a balrug
  3513 | D:4      | Noticed a hellwing
  3515 | D:4      | Became a worshipper of Makhleb the Destroyer
  3765 | D:5      | Entered Level 5 of the Dungeon
  3797 | D:5      | Reached skill level 5 in Maces & Flails
  3817 | D:5      | Found a snail-covered altar of Cheibriados.
  3928 | D:5      | Found a deep blue altar of Sif Muna.
  4288 | D:5      | Gained mutation: You are somewhat resistant to further mutation. [mutagenic meat]
  4312 | D:5      | Reached skill level 8 in Shields
  4399 | D:5      | Reached XP level 9. HP: 55/55 MP: 9/9
  5386 | D:6      | Reached * piety under Makhleb
  5447 | D:6      | Found an iron altar of Okawaru.
  5492 | D:6      | Found a sacrificial altar of Ru.
  5677 | D:7      | Reached skill level 9 in Shields
  5942 | D:7      | Noticed Pikel
  5953 | D:7      | Killed Pikel
  5953 | D:7      | Reached XP level 10. HP: 38/63 MP: 10/10
  6016 | D:7      | Found a burning altar of Makhleb.
  6018 | D:7      | Found a snail-covered altar of Cheibriados.
  6319 | D:7      | Reached ** piety under Makhleb
  6351 | D:7      | Reached skill level 10 in Shields
  6713 | D:7      | Gained mutation: You passively map a small area around you. [mutagenic meat]
  7025 | D:8      | Found a staircase to the Lair.
  7228 | D:7      | Reached *** piety under Makhleb
  7253 | D:7      | HP: 3/64 [killer bee (9)]
  7256 | D:7      | Slain by a killer bee

Vault maps used:
D:1:      dpeg_arrival_three_same_balls, minmay_strange_pillars
D:2:      kennysheep_ying_yang, uniq_natasha
D:3:      first_bread, grunt_decor_arrowhead
D:4:      black_bear_nest_1, nicolae_dithmenos_shadow_blocks,
          makhleb_altar_promises_db, uniq_sigmund
D:5:      led_sif_book, basic_altar
D:6:      lemuel_round_altar, kennysheep_mini, minmay_temple_entry_from_below_b,
          minmay_liquid_box
D:7:      gammafunk_temple_overflow_pools, uniq_pikel
D:8:      dpeg_lair_monsters, david_nohive_1

Skill      XL: |  1  2  3  4  5  6  7  8  9 10 |
---------------+-------------------------------+-----
Shields        | 4 5 7 8 9 10 | 10.7
Armour         | 4 5 6 7 |  7.8
Fighting       | 4 5 6 7 |  7.9
Maces & Flails | 3 4 5 7 8 |  8.3

Action                   |  1- 3 |  4- 6 |  7- 9 | 10-12 || total
-------------------------+-------+-------+-------+-------++-------
Melee: Flail             |    79 |   210 |    93 |       ||   382
       Morningstar       |       |       |   280 |    64 ||   344
       Mace              |       |       |       |   127 ||   127
       Whip              |       |       |       |    70 ||    70
Throw: Stone             |    14 |    42 |    82 |       ||   138
  Use: Scroll            |       |       |     4 |     4 ||     8
       Potion            |       |       |     2 |     6 ||     8
  Eat: Chunk             |       |     6 |    12 |     9 ||    27
